 Dungeon Crawl Stone Soup version 0.27.1 (webtiles) character file.

Game seed: 10335063562184614458

538 BOMJPIETVODKU the Digger (level 7, -1/53 HPs)
             Began as a Yellow Draconian Earth Elementalist on Aug 26, 2021.
             Was an Initiate of Cheibriados.
             Slain by an orc (7 damage)
             ... on level 4 of the Dungeon.
             The game lasted 00:11:01 (4115 turns).

BOMJPIETVODKU the Digger (DrEE)                     Turns: 4115, Time: 00:11:01

Health: -1/53      AC:  7    Str: 10 (11) XL:     7   Next: 5%
Magic:  19/22      EV: 12    Int: 15 (18) God:    Cheibriados [......]
Gold:   272        SH:  0    Dex: 12 (13) Spells: 8/14 levels left

rFire    . . .     SeeInvis .   j - +3 short sword (elec)
rCold    . . .     Faith    .   (no shield)
rNeg     . . .     Spirit   .   (armour unavailable)
rPois    .         Reflect  .   (helmet restricted)
rElec    .         Harm     .   (no cloak)
rCorr    +         Rampage  .   f - +0 pair of gloves
Will     .....                  (no boots)
Stlth    ++........             (no amulet)
HPRegen  0.17/turn              k - ring of magical power
MPRegen  0.18/turn              (no ring)

@: attractive, slowed, very slow
A: spit acid, AC +6, unfitting armour, cold-blooded, acid resistance
a: Breathe Acid, Renounce Religion, Bend Time


You were on level 4 of the Dungeon.
You worshipped Cheibriados.
Cheibriados was noncommittal.
You visited 1 branch of the dungeon, and saw 4 of its levels.

You collected 272 gold pieces.

Inventory:

Hand Weapons
 d - a +1 whip of draining
 j - a +3 short sword of electrocution (weapon)
Missiles
 b - 58 stones
Armour
 f - a +0 pair of gloves (worn)
 n - a +0 buckler
Jewellery
 k - a ring of magical power (left hand)
Wands
 g - a wand of digging (3)
Scrolls
 e - 3 scrolls of enchant armour
Potions
 c - a potion of degeneration
 h - 2 potions of lignification
 i - a potion of magic {unknown}
 l - a potion of might {unknown}
 m - a potion of brilliance {unknown}


   Skills:
 + Level 1.9 Fighting
 - Level 1.6 Short Blades
 + Level 1.5 Maces & Flails
 - Level 2.0 Dodging
 - Level 1.7 Stealth
 + Level 4.3 Spellcasting
 * Level 1.5 Translocations
 - Level 1.0 Transmutations
 + Level 5.3 Earth Magic


You had 8 spell levels left.
You knew the following spells:

 Your Spells              Type           Power      Damage    Failure   Level
a - Sandblast             Erth           38%        2d10      1%          1
b - Blink                 Tloc           N/A        N/A       14%         2
c - Stone Arrow           Conj/Erth      22%        3d8       17%         3

Your spell library contained the following spells:

 Spells                   Type           Power      Damage    Failure   Level
 Passwall                 Tmut/Erth      10%        N/A       7%          2
 Static Discharge         Conj/Air       3%         N/A       26%         2
 Petrify                  Tmut/Erth      12%        N/A       43%         4
 Manifold Assault         Tloc           7%         N/A       95%         5
 Lightning Bolt           Conj/Air       1%         1d12      99%         5
 Storm Form               Tmut/Air       2%         N/A       100%        7
 Maxwell's Capacitive Co  Air            1%         ∞         100%        8


Dungeon Overview and Level Annotations

Branches:
Dungeon (4/15)
 Temple: D:4-7

Altars:
Cheibriados
Fedhas
Ru
Uskayaw
Vehumet
Xom


Innate Abilities, Weirdness & Mutations

You can spit globs of acid.
Your golden yellow scales are hard. (AC +6)
You cannot fit into any form of body armour.
You are cold-blooded and may be slowed by cold attacks.
You are resistant to acid. (rCorr)


Message History

Unknown command.
Aiming: Sandblast (safe; 1% risk of failure)
Press: ? - help, Q - select action, (/) - cycle Shift-Dir - straight line, f/p - kobold brigand
Aim: a kobold brigand, wielding a +0 club and quivering curare-tipped darts (76% to hit)
The blast of sand hits the kobold brigand.
The kobold brigand is moderately wounded.
You feel sick.
The kobold brigand hits you with a +0 club.
Aiming: Sandblast (safe; 1% risk of failure)
Press: ? - help, Q - select action, (/) - cycle Shift-Dir - straight line, f/p - kobold brigand
Aim: a kobold brigand, wielding a +0 club and quivering curare-tipped darts (moderately wounded, 76% to hit)
The blast of sand misses the kobold brigand.
You feel sick.
The kobold brigand hits you with a +0 club.
* * * LOW HITPOINT WARNING * * *
The kobold brigand hits you but does no damage.
An iguana comes into view.
Aiming: Sandblast (safe; 1% risk of failure)
Press: ? - help, Q - select action, (/) - cycle Shift-Dir - straight line, f/p - kobold brigand
Aim: a kobold brigand, wielding a +0 club and quivering curare-tipped darts (moderately wounded, 76% to hit)
The blast of sand misses the kobold brigand.
The iguana hisses angrily.
You feel sick. The kobold brigand misses you.
It was a potion of degeneration.
There was something very wrong with that liquid.
You feel weakened.
You feel dopey.
You feel clumsy.
You feel sick.
You are no longer poisoned.
The kobold brigand hits you with a +0 club.
* * * LOW HITPOINT WARNING * * *
The orc barely misses you.
An orc comes into view. It is wielding a +0 war axe.
The orc barely misses you.
The kobold brigand hits you but does no damage.
The orc misses you.
It was a potion of attraction.
You feel attractive to monsters. The orc hits you but does no damage.
The kobold brigand closely misses you. The orc closely misses you.
The orc hits you with a +0 mace!
You die...

....... .o....#
.....# ## l....# .#
##.#.....#
...##..oo....##
.......Ko.....###
.......@o.......#
#.......##.......
#...#............
....#............
(................
#.#.
#.#####............
##..# ...#
#............
...##..#
##............
.......##
#.............


You could see a kobold brigand, an iguana and 5 orcs.

Vanquished Creatures
  Purgy (D:3)
  A phantom (D:4)
  An orc priest (D:3)
  Jessica (D:3)
  Natasha (thrice) (D:3)
  10 gnolls
  4 adders
  An adder skeleton (D:4)
  2 worms (D:2)
  6 dart slugs
  11 orcs
  6 endoplasms
  2 giant cockroaches
  5 goblins
  8 hobgoblins
  2 jackals (D:1)
  4 quokkas
  9 ball pythons
  5 bats
  6 frilled lizards
  6 kobolds
  2 rats
96 creatures vanquished.

Notes
Turn   | Place    | Note
-------+----------+-------------------------------------------
     0 | D:1      | BOMJPIETVODKU the Draconian Earth Elementalist began the
                  | quest for the Orb.
     0 | D:1      | Reached XP level 1. HP: 14/14 MP: 3/3
   288 | D:1      | Reached XP level 2. HP: 16/20 MP: 0/5
  1228 | D:2      | Reached XP level 3. HP: 25/26 MP: 4/6
  1687 | D:2      | Reached skill level 4 in Earth Magic
  2035 | D:2      | Found a hide-covered altar of Uskayaw.
  2051 | D:2      | Noticed a golden eye
  2052 | D:2      | Found a faded altar of an unknown god.
  2055 | D:2      | Noticed a great orb of eyes
  2055 | D:2      | Noticed a great orb of eyes
  2055 | D:2      | Noticed a great orb of eyes
  2205 | D:3      | Noticed Natasha
  2207 | D:3      | Killed Natasha
  2208 | D:3      | Reached XP level 4. HP: 34/34 MP: 8/8
  2290 | D:3      | Noticed Jessica
  2291 | D:3      | Noticed Natasha
  2299 | D:3      | Reached skill level 1 in Fighting
  2317 | D:3      | Killed Natasha
  2318 | D:3      | Reached skill level 1 in Maces & Flails
  2319 | D:3      | Reached XP level 5. HP: 35/40 MP: 9/9
  2355 | D:3      | Noticed Purgy
  2359 | D:3      | Killed Jessica
  2360 | D:3      | Reached skill level 1 in Short Blades
  2364 | D:3      | Killed Purgy
  2365 | D:3      | Reached XP level 6. HP: 12/47 MP: 11/11
  2894 | D:3      | Found a blossoming altar of Fedhas.
  2951 | D:3      | Found a shimmering altar of Xom.
  2954 | D:3      | Found a sacrificial altar of Ru.
  2994 | D:3      | Noticed Natasha
  3344 | D:3      | Reached skill level 5 in Earth Magic
  3361 | D:3      | Killed Natasha
  3444 | D:3      | Reached skill level 1 in Translocations
  3816 | D:4      | Found a radiant altar of Vehumet.
  3844 | D:4      | Found a snail-covered altar of Cheibriados.
  3858 | D:4      | Became a worshipper of Cheibriados the Contemplative
  3986 | D:4      | Learned a level 2 spell: Blink
  3990 | D:4      | Learned a level 3 spell: Stone Arrow
  4050 | D:4      | Your scales start taking on a golden yellow colour.
  4050 | D:4      | Reached XP level 7. HP: 47/53 MP: 13/13
  4050 | D:4      | Gained mutation: You are resistant to acid. (rCorr) [Yellow
                  | Draconian growth]
  4115 | D:4      | Slain by an orc

Illustrated notes

Levels and vault maps discovered:
D:1:      ncdulo_lavacross, layout_basic, serial_park_tiny_1,
          minmay_pentomino_t4
D:2:      minmay_razor_zed, layout_rooms,
          hellmonk_ecumenical_altar_watching_god, basic_altar
D:3:      layout_rooms, mainiacjoe_overflow_small_starburst,
          chequers_temple_overflow_statue_of_worship, hangedman_decor_push,
          serial_park_tiny_1, minmay_statues_item, minmay_misc_feat_x,
          corexii_item_surrounded_by_moat, kennysheep_generic_room_10,
          uniq_jessica, uniq_purgy, uniq_natasha
D:4:      layout_cave_pools, mainiacjoe_overflow_surrounded_room,
          amcnicky_altar_gilded, nrook_mini_vaults

Skill      XL: |  1  2  3  4  5  6 |
---------------+-------------------+-----
Dodging        | 2 |  2.0
Earth Magic    | 4 5 |  5.3
Fighting       | 1 |  1.9
Maces & Flails | 1 |  1.5
Spellcasting   | 3 4 |  4.3
Short Blades   | 1 |  1.6
Translocations | 1 |  1.5
Stealth        | |  1.7
Transmutations | |  1.0

Action                   |  1- 3 |  4- 6 |  7- 9 || total
-------------------------+-------+-------+-------++-------
Melee: Unarmed           |    31 |       |       ||    31
       Tailslap          |     7 |     9 |       ||    16
       Spear             |    15 |       |       ||    15
       Whip              |    29 |       |       ||    29
       Short sword       |    10 |    83 |     3 ||    96
 Cast: Sandblast         |    29 |    52 |     5 ||    86
  Use: Scroll            |     7 |       |       ||     7
       Potion            |       |     1 |     2 ||     3
 Stab: Sleeping          |     2 |     2 |       ||     4
Armor: Skin              |    34 |    41 |     6 ||    81
Dodge: Dodged            |    59 |    77 |     9 ||   145
